 Dungeon Crawl Stone Soup version 0.30-a0-374-g95c0257040 (webtiles) character file.

Game seed: 10109770591541334555

96040 PaleRider the Warrior (level 16, -2/174 (191) HPs)
             Began as an Ogre Ice Elementalist on Nov 24, 2022.
             Was an Initiate of Gozag.
             Slain by a culicivora (21 damage)
             ... on level 3 of the Lair of Beasts on Nov 25, 2022.
             The game lasted 03:08:54 (37637 turns).

PaleRider the Warrior (Ogre Ice Elementalist)      Turns: 37637, Time: 03:08:55

HP:   -2/174 (191)  AC:  8    Str: 16    XL:     16   Next: 15%
MP:   26/30         EV: 12    Int: 25    God:    Gozag
Gold: 1915          SH:  0    Dex:  9    Spells: 6/35 levels left

rFire   . . .      SeeInvis +    U - staff of conjuration
rCold   . . .      Faith    .    (no shield)
rNeg    . . .      Spirit   .    o - +2 robe {Archmagi}
rPois   +          Reflect  .    X - +2 hat
rElec   +          Harm     .    A - +0 cloak
rCorr   .          Rampage  .    (gloves unavailable)
Will    +....      Archmagi +    (boots unavailable)
Stlth   ++........               s - amulet of magic regeneration
HPRegen 0.49/turn                d - ring of poison resistance
MPRegen 0.62/turn                W - ring of Ituak {Contam rElec Int+5 SInv Stlth+}

@: about to teleport, spiked, very slightly contaminated, drained
A: large, unfitting armour, tough skin 1, dopey 1
a: Renounce Religion, Potion Petition, Call Merchant, Bribe Branch


You were on level 3 of the Lair of Beasts.
You worshipped Gozag.
Gozag was most pleased with you.
You visited 6 branches of the dungeon, and saw 25 of its levels.
You also visited: Sewer.

You collected 7430 gold pieces.
You spent 2029 gold pieces at shops.
You paid 3486 gold pieces to Gozag.

Inventory:

Hand Weapons
 D - the +5 scythe "Finisher" {speed, eviscerate}
   (You found it on level 15 of the Dungeon)

   Attacks with this weapon are significantly faster.
   It may eviscerate those it strikes, slaying them instantly, with a decreasing
   chance against stronger foes.
Missiles
 e - 186 stones
 z - 41 poisoned darts
 F - a curare-tipped dart
 R - 4 javelins
 Z - 37 large rocks
Armour
 o - a +2 robe of the Archmagi (worn)
 A - a +0 cloak (worn)
 X - a +2 hat (worn)
Magical Staves
 U - a staff of conjuration (weapon)
Jewellery
 d - a ring of poison resistance (left hand)
 m - a ring of resist corrosion
 n - a +4 ring of evasion
 s - an amulet of magic regeneration (around neck)
 L - a +6 ring of strength
 V - a +4 ring of protection
 W - the ring of Ituak (right hand) {Contam rElec Int+5 SInv Stlth+}
   (You bought it in a shop on level 2 of the Orcish Mines)

   [ring of see invisible]

   Int:       It affects your intelligence (+5).
   rElec:     It insulates you from electricity.
   SInv:      It lets you see invisible.
   Contam:    It causes magical contamination when unequipped.
   Stlth:     It makes you more stealthy.
 Y - a ring of see invisible
Wands
 j - a wand of roots (7)
 r - a wand of mindburst (31)
 B - a wand of digging (11)
 G - a wand of flame (24)
 N - a wand of acid (3)
 Q - a wand of paralysis (18)
Scrolls
 c - 8 scrolls of teleportation
 g - 3 scrolls of enchant weapon
 i - a scroll of amnesia
 l - 2 scrolls of immolation
 u - 3 scrolls of enchant armour
 x - 3 scrolls of silence {unknown}
 E - 4 scrolls of butterflies
 J - a scroll of brand weapon {unknown}
 K - 2 scrolls of poison
 M - 5 scrolls of blinking {unknown}
 T - 6 scrolls of magic mapping {unknown}
Potions
 a - 2 potions of ambrosia
 b - 3 potions of magic
 f - 2 potions of curing
 h - a potion of haste
 p - 2 potions of resistance
 q - 2 potions of attraction
 t - 5 potions of flight
 v - a potion of degeneration {unknown}
 w - 4 potions of lignification
 C - 5 potions of brilliance
 H - 3 potions of berserk rage
 I - 4 potions of cancellation
 O - 4 potions of heal wounds
 P - 5 potions of mutation {unknown}
Miscellaneous
 k - a lightning rod (4/4)
 S - a phantom mirror


   Skills:
 + Level 19.5 Fighting
 - Level 4.6(5.3) Maces & Flails
 - Level 4.5(5.6) Staves
 + Level 8.5 Dodging
 - Level 1.4 Stealth
 - Level 10.1 Spellcasting
 + Level 5.6 Conjurations
 - Level 7.0 Necromancy
 - Level 7.6 Fire Magic
 - Level 8.2 Ice Magic
 + Level 7.3 Earth Magic
 - Level 6.6 Poison Magic
 - Level 5.4 Evocations


You had 6 spell levels left.
You knew the following spells:

 Your Spells              Type           Power      Damage    Failure   Level
a - Borgnjor's Vile Clut  Necr/Erth      32%        N/A       7%          5
b - Frozen Ramparts       Ice            100%       1d16      1%          3
d - Flame Wave            Conj/Fire      80%        2d17      3%          4
e - Swiftness             Air            19%        N/A       14%         3
f - Orb of Destruction    Conj           37%        9d11      99%         7
g - Olgreb's Toxic Radia  Pois           62%        N/A       3%          4
s - Stone Arrow           Conj/Erth      100%       3d13      1%          3

Your spell library contained the following spells:

 Spells                   Type           Power      Damage    Failure   Level
 Freeze                   Ice            100%       1d10      1%          1
 Magic Dart               Conj           100%       1d8       1%          1
 Necrotise                Necr           100%       1d9       1%          1
 Shock                    Conj/Air       100%       1d9       1%          1
 Sting                    Tmut/Pois      100%       1d8       1%          1
 Poisonous Vapours        Pois/Air       88%        N/A       1%          2
 Ozocubu's Armour         Ice            69%        N/A       1%          3
 Mephitic Cloud           Conj/Pois/Air  65%        N/A       2%          3
 Inner Flame              Hex/Fire       47%        N/A       3%          3
 Sticky Flame             Conj/Fire      80%        2d9       3%          4
 Apportation              Tloc           38%        N/A       4%          1
 Summon Small Mammal      Summ           76%        N/A       4%          1
 Call Imp                 Summ           19%        N/A       8%          2
 Summon Ice Beast         Ice/Summ       49%        N/A       9%          4
 Leda's Liquefaction      Hex/Erth       23%        N/A       11%         4
 Call Canine Familiar     Summ           19%        N/A       14%         3
 Portal Projectile        Hex/Tloc       38%        N/A       14%         3
 Summon Guardian Golem    Hex/Summ       19%        N/A       14%         3
 Death Channel            Necr           32%        N/A       38%         6
 Airstrike                Air            9%         2d(2-18)  43%         4
 Yara's Violent Unravell  Hex/Tmut       9%         3d6       80%         5
 Conjure Ball Lightning   Conj/Air       28%        3x3d8     93%         6
 Ozocubu's Refrigeration  Ice            34%        4d15      80%         7
 Enfeeble                 Hex            9%         N/A       100%        7
 Spellforged Servitor     Conj/Summ      28%        N/A       100%        7
 Discord                  Hex            9%         N/A       100%        8
 Disjunction              Tloc           9%         N/A       100%        8
 Ignition                 Fire           33%        3d10      100%        8
 Infestation              Necr           32%        N/A       100%        8
 Shatter                  Erth           32%        3d26*     100%        9
 Animate Dead             Necr           Unusable   N/A       N/A         4

Dungeon Overview and Level Annotations

Branches:
Dungeon (15/15)            Temple (1/1) D:4            Lair (5/5) D:8
  Swamp (1/4) Lair:2       Spider (1/4) Lair:3        Slime (0/5) Lair:4
    Orc (2/2) D:9             Elf (0/3) Orc:2        Vaults (0/5) D:14
 Depths (0/4) D:15          Sewer (visited)

Altars:
Ashenzari
Cheibriados
Dithmenos
Elyvilon
Fedhas
Gozag
Hepliaklqana
Kikubaaqudgha
Makhleb
Nemelex Xobeh
Okawaru
Qazlal
Ru
Sif Muna
Trog
Uskayaw
Vehumet
Wu Jian
Xom
Yredelemnul
Zin
The Shining One
Jiyva

Shops:
D:1 :   D:4 (   D:8 *   D:9 *   D:12 [   Orc:1 *(   Orc:2 =*[[(   Lair:3 [

Portals:
Trove: D:10 (give +6 demon trident)

Annotations:
D:6 1 runed translucent door, funkygono's ghost, weakling DsFE
D:11 exclusion: 2 boulder beetles
D:13 exclusions: obsidian statue and orange crystal statue


Innate Abilities, Weirdness & Mutations

You are too large for most types of armour.
You have tough skin. (AC +1)
You are dopey. (Int -2)


Message History

The steelbarb worm hits you.
Barbed spikes become lodged in your body.
The culicivora bites you!!
* * * LOW HITPOINT WARNING * * *
The culicivora draws strength from your injuries!
The steelbarb worm hits you but does no damage.
You take 43 damage, and have 94/174 hp.
You now have 23/30 mp.
The culicivora looks even sicker.
The culicivora bites you!!
* * * LOW HITPOINT WARNING * * *
The culicivora draws strength from your injuries!
The steelbarb worm hits you.
* * * LOW HITPOINT WARNING * * *
Barbed spikes become lodged in your body.
You take 23 damage, and have 71/174 hp.
The culicivora closely misses you.
The steelbarb worm completely misses you.
The culicivora bites you!!
* * * LOW HITPOINT WARNING * * *
The culicivora draws strength from your injuries!
You take 18 damage, and have 53/174 hp.
Unknown command.
As you read the scroll of teleportation, it crumbles to dust.
You feel strangely unstable.
Your toxic aura wanes.
The culicivora bites you!
* * * LOW HITPOINT WARNING * * *
The culicivora draws strength from your injuries!
The steelbarb worm hits you!!
* * * LOW HITPOINT WARNING * * *
Barbed spikes become lodged in your body.
You take 28 damage, and have 25/174 hp.
You feel much better. The culicivora bites you!
* * * LOW HITPOINT WARNING * * *
The culicivora draws strength from your injuries!
The steelbarb worm hits you!!
* * * LOW HITPOINT WARNING * * *
Barbed spikes become lodged in your body.
The culicivora bites you!!
You die...
Your body crumbles into a pile of gold.

# ###.###.#.###
###...........#######
##..........#..##.#.###
##......#.....^.......#
#.##...##...^.^...^.^.#
##########..^.^^^.....#
..##.###..#^^.^.^^^^^.#
#...........^..^^s^^..#
............^..^@^^^..##
...........^..^w^....^.#
..#####.....^...^^^.^..###
..### ###..........^.....#
~.#.####.#....^.^^.......##
...............^.^^.......####
............##.>..#.##....##.##
..........##.#.....#####......#
.####.#.....##.......# #....###


You could see a steelbarb worm (very poisoned) and a culicivora (poisoned).

Vanquished Creatures
  Jorgrun (D:15)
  Kirke (D:15)
  An orc warlord (D:9)
  A broodmother (Lair:3)
  A reaper (D:15)
  Nessos (D:14)
  Azrael (Orc:1)
  Josephine (D:14)
  A fire dragon (D:15)
  An ice dragon (D:15)
  A vault guard (D:10)
  2 catoblepae
  4 hydras
  A merfolk avatar (Lair:5)
  5 death yaks (Lair:5)
  4 two-headed ogres
  Erica (D:9)
  7 centaur warriors
  A boulder beetle (D:12)
  An alligator (Lair:2)
  5 orc high priests (Orc:2)
  3 skeletal warriors (D:15)
  3 pharaoh ants
  2 bog bodies (Lair:2)
  An orb spider (Spider:1)
  A wizard (D:15)
  A steelbarb worm (Lair:3)
  A sea snake (Lair:5)
  6 orc knights
  A wolf spider (Lair:3)
  3 harpies (Lair:5)
  An orc sorcerer (Orc:1)
  11 ugly things
  A moth of wrath (Lair:3)
  6 manticores
  A guardian serpent (shapeshifter) (D:13)
  6 elephants
  8 cyclopes
  A black mamba (Lair:5)
  12 cane toads
  3 unseen horrors
  A torpor snail (Lair:5)
  8 komodo dragons
  2 tengu conjurers (D:14)
  3 rime drakes
  A yaktaur (shapeshifter) (D:14)
  3 meliai (D:14)
  6 trolls
  3 polar bears
  A wind drake (Lair:5)
  19 blink frogs
  3 hornets
  6 tarantellas
  17 slime creatures
  A snapping turtle (Lair:5)
  4 dream sheep (Lair:5)
  A jumping spider (Lair:3)
  A shadow (D:12)
  4 culicivoras
  A vampire (D:9)
  49 yaks
  8 wyverns
  3 fire elementals (Orc:1)
  2 hogs
  6 wraiths
  3 basilisks
  2 redbacks (Spider:1)
  3 steam dragons (Lair:5)
  3 wargs (D:8)
  9 vampire mosquitoes
  2 acid dragons
  5 hell hounds (Orc:1)
  11 water moccasins
  37 orc warriors
  3 sky beasts
  A black bear (D:8)
  2 ogres
  18 wolves
  A phantom (D:6)
  6 centaurs
  4 kobold brigands (Sewer)
  2 necrophages
  A gnoll sergeant (D:9)
  A scorpion (D:5)
  11 bullfrogs
  20 killer bees
  5 howler monkeys
  2 electric eels
  A quasit (D:5)
  3 hounds
  7 jellies
  32 orc priests
  A gnoll bouda (D:7)
  3 iguanas
  23 orc wizards
  15 gnolls
  12 adders
  A shadow imp (D:5)
  3 white imps
  3 ufetubi (D:5)
  4 worms
  2 dart slugs
  94 orcs
  7 endoplasms
  4 giant cockroaches
  7 hobgoblins
  14 kobolds
  7 quokkas
  10 ball pythons
  2 bats
  5 goblins
  9 rats
  A spectral kobold (D:10)
  A spectral orc (D:6)
  A bush (Lair:3)
691 creatures vanquished.

Vanquished Creatures (others)
  A human (D:15)
  4 bushes (Lair:5)
  2 demonic plants (D:5)
  40 fungi
  89 plants
136 creatures vanquished.

Grand Total: 827 creatures vanquished

Notes
Turn   | Place    | Note
-------+----------+-------------------------------------------
     0 | D:1      | PaleRider the Ogre Ice Elementalist began the quest for the
                  | Orb.
     0 | D:1      | Reached XP level 1. HP: 16/16 MP: 3/3
   143 | D:1      | Reached XP level 2. HP: 24/24 MP: 3/5
   350 | D:1      | Found Cajefa's Book Emporium.
  1241 | D:2      | Reached XP level 3. HP: 28/31 MP: 3/7
  1880 | D:3      | Found a blossoming altar of Fedhas.
  2123 | D:2      | Learned a level 3 spell: Frozen Ramparts
  2127 | D:2      | Learned a level 3 spell: Ozocubu's Armour
  2138 | D:3      | Reached XP level 4. HP: 27/39 MP: 10/10
  2199 | D:3      | Found a stormy altar of Qazlal.
  2252 | D:3      | Reached XP level 5. HP: 38/45 MP: 9/11
  2350 | D:3      | Found a glowing drain.
  2354 | Sewer    | Entered a sewer
  2535 | Sewer    | Noticed a kobold brigand
  2564 | Sewer    | Killed a kobold brigand
  2565 | Sewer    | Reached skill level 5 in Spellcasting
  2565 | Sewer    | Reached skill level 5 in Ice Magic
  2565 | Sewer    | Reached XP level 6. HP: 37/53 MP: 13/13
  3229 | Sewer    | Reached XP level 7. HP: 57/59 MP: 14/16
  3605 | D:3      | Found a glowing golden altar of the Shining One.
  3967 | D:4      | Found Vume's Weapon Shop.
  4224 | D:4      | Found a staircase to the Ecumenical Temple.
  4242 | Temple   | Entered the Ecumenical Temple
  4310 | Temple   | Became a worshipper of Gozag Ym Sagoz the Greedy
  5273 | D:5      | Entered Level 5 of the Dungeon
  5596 | D:5      | Reached XP level 8. HP: 61/67 MP: 15/18
  6517 | D:6      | Noticed Grinder
  6714 | D:6      | Grinder changed into Grinder the crimson imp
  6714 | D:6      | Noticed Grinder
  6719 | D:6      | Grinder the crimson imp changed into Grinder the white imp
  6719 | D:6      | Noticed Grinder
  6739 | D:6      | Killed Grinder the white imp
  6922 | D:6      | Found a basalt altar of Yredelemnul.
  7291 | D:6      | Reached XP level 9. HP: 37/74 MP: 19/21
  7433 | D:6      | Found a sparkling altar of Nemelex Xobeh.
  7638 | D:6      | Found a runed translucent door.
  7638 | D:6      | Noticed funkygono's ghost (weakling DsFE)
  7772 | D:6      | Found a burning altar of Makhleb.
  7809 | D:6      | Reached skill level 1 in Fire Magic
  7967 | D:7      | Identified the +0 leather armour "Reatoliw" {*Slow rPois
                  | Int+5}
  8019 | D:7      | Reached skill level 1 in Fighting
  8267 | D:7      | Reached skill level 2 in Fighting
  8335 | D:7      | Noticed a hornet
  8338 | D:7      | Paralysed by a hornet for 1 turns
  8341 | D:7      | Killed a hornet
  8662 | D:7      | Reached skill level 3 in Fighting
  8743 | D:7      | Learned a level 4 spell: Flame Wave
  9535 | D:8      | Found a staircase to the Lair.
  9541 | D:8      | Noticed a troll
  9554 | D:8      | Reached skill level 5 in Fire Magic
  9557 | D:8      | Killed a troll
  9569 | D:8      | Reached XP level 10. HP: 20/92 MP: 23/23
 10111 | D:8      | Reached skill level 4 in Fighting
 10236 | D:8      | Got the Verses on Gritty Wicked Secrets
 10349 | D:8      | Reached skill level 1 in Maces & Flails
 10349 | D:8      | Reached skill level 1 in Conjurations
 10547 | D:8      | Found Suacagu's Assorted Antiques.
 10850 | D:8      | Found a shimmering blue altar of Sif Muna.
 11021 | D:8      | Learned a level 3 spell: Stone Arrow
 11331 | D:9      | Identified the +1 pair of gloves of Atheism {Int+5 Slay+3}
 11425 | D:9      | Found a staircase to the Orcish Mines.
 11469 | D:9      | Noticed Erica
 11477 | D:9      | Killed Erica
 11863 | D:10     | Entered Level 10 of the Dungeon
 11902 | D:10     | Noticed a two-headed ogre
 11958 | D:10     | Killed a two-headed ogre
 11959 | D:10     | Reached skill level 5 in Conjurations
 11959 | D:10     | Reached XP level 11. HP: 94/101 MP: 7/24
 11964 | D:10     | Noticed a cyan ugly thing
 11995 | D:10     | Killed a cyan ugly thing
 11996 | D:10     | Reached skill level 5 in Fighting
 12369 | D:10     | Noticed a two-headed ogre
 12389 | D:10     | Killed a two-headed ogre
 12390 | D:10     | Reached skill level 6 in Fighting
 12526 | D:10     | Found a broken altar of Ashenzari.
 12530 | D:10     | Found a hazy altar of Hepliaklqana.
 12671 | D:10     | Noticed a vault guard
 12677 | D:10     | Killed a vault guard
 12678 | D:10     | Reached skill level 7 in Fighting
 12702 | D:10     | Found a portal to a secret trove of treasure.
 12953 | D:11     | Noticed a boulder beetle
 12986 | D:11     | Noticed a boulder beetle
 13238 | D:11     | Reached skill level 8 in Fighting
 13239 | D:11     | Reached skill level 5 in Earth Magic
 13757 | D:11     | Reached skill level 9 in Fighting
 14007 | Lair:1   | Entered Level 1 of the Lair of Beasts
 14017 | Lair:1   | Reached skill level 1 in Evocations
 14217 | Lair:1   | Reached XP level 12. HP: 74/123 MP: 16/25
 14424 | Lair:1   | Reached skill level 5 in Evocations
 15593 | Lair:2   | Found a staircase to the Swamp.
 16586 | Lair:3   | Reached skill level 10 in Fighting
 16856 | Lair:3   | Noticed a four-headed hydra
 16864 | Lair:3   | Killed a four-headed hydra
 16865 | Lair:3   | Reached skill level 11 in Fighting
 16904 | Lair:3   | Noticed a seven-headed hydra
 16913 | Lair:3   | Killed a seven-headed hydra
 16914 | Lair:3   | Reached skill level 5 in Dodging
 16998 | Lair:3   | Reached skill level 12 in Fighting
 17158 | Lair:3   | Reached skill level 13 in Fighting
 17158 | Lair:3   | Reached XP level 13. HP: 134/144 MP: 16/26
 17280 | Lair:3   | Found a hole to the Spider Nest.
 18035 | Lair:4   | Reached skill level 14 in Fighting
 18099 | Lair:4   | Found a viscous altar of Jiyva.
 18107 | Lair:4   | Found a staircase to the Slime Pits.
 18894 | Lair:5   | Entered Level 5 of the Lair of Beasts
 18970 | Lair:5   | Reached skill level 15 in Fighting
 19007 | Lair:5   | Reached skill level 1 in Poison Magic
 20657 | Lair:5   | Reached XP level 14. HP: 103/159 MP: 14/27
 20782 | Lair:5   | Learned a level 4 spell: Olgreb's Toxic Radiance
 20913 | Lair:5   | Reached skill level 5 in Poison Magic
 21057 | Lair:5   | Identified the +0 ring mail of the Moon {-Tele rPois rN+
                  | Int+5}
 21775 | Lair:4   | Upgraded the game from 0.30-a0-373-gd37427bb62 to
                  | 0.30-a0-374-g95c0257040
 21797 | Lair:5   | Reached skill level 16 in Fighting
 22293 | D:12     | Reached skill level 10 in Spellcasting
 23440 | D:13     | Reached skill level 17 in Fighting
 24503 | D:13     | Reached skill level 18 in Fighting
 25297 | D:14     | Noticed Josephine
 25317 | D:14     | Killed Josephine
 25318 | D:14     | Reached skill level 1 in Staves
 25318 | D:14     | Noticed Nessos
 25667 | D:14     | Killed Nessos
 26104 | D:15     | Entered Level 15 of the Dungeon
 26574 | D:14     | Found a gate to the Vaults.
 27399 | D:15     | Reached XP level 15. HP: 86/178 MP: 11/29
 27457 | D:15     | Noticed Kirke
 28435 | D:15     | Noticed a sphinx
 28441 | D:15     | Killed Kirke
 28591 | D:15     | Reached skill level 19 in Fighting
 28677 | D:15     | Reached skill level 1 in Necromancy
 29108 | D:15     | Found a staircase to the Depths.
 29552 | D:15     | Noticed Jorgrun
 29621 | D:15     | HP: 6/180 [Jorgrun/blast of rock fragments (40)]
 30106 | Orc:1    | Entered Level 1 of the Orcish Mines
 30290 | Orc:1    | Noticed an orc warlord
 30464 | D:1      | Bought a book of Air for 264 gold pieces
 30469 | D:1      | Learned a level 3 spell: Swiftness
 30472 | D:1      | Bought a book of Dangerous Friends for 480 gold pieces
 30480 | D:1      | Learned a level 7 spell: Orb of Destruction
 30480 | D:1      | Bought a book of Misfortune for 336 gold pieces
 31970 | Orc:1    | Found Vouk's Assorted Antiques.
 32185 | Orc:1    | Found Wutt's Antique Weapon Shop.
 32409 | Orc:2    | Entered Level 2 of the Orcish Mines
 32445 | Orc:2    | Found a staircase to the Elven Halls.
 32451 | Orc:2    | Found Yrice's Jewellery Shoppe.
 32624 | Orc:2    | Noticed Azrael
 32639 | Orc:1    | Reached skill level 5 in Necromancy
 32770 | Orc:1    | Killed Azrael
 33654 | Orc:2    | Gained mutation: You are dopey. (Int -2) [a neqoxec]
 34231 | Orc:2    | Found Qaurinopt's Weapon Shoppe.
 34231 | Orc:2    | Found Gishiom's Assorted Antiques.
 34232 | Orc:2    | Found Fegry's Antique Armour Emporium.
 34232 | Orc:2    | Found Hacruem's Armour Shoppe.
 34247 | Orc:2    | Bought a scroll of identify for 72 gold pieces
 34247 | Orc:2    | Bought a scroll of identify for 72 gold pieces
 34333 | Orc:2    | Bought the ring of Ituak {Contam rElec Int+5 SInv Stlth+}
                  | for 623 gold pieces
 34450 | D:9      | Learned a level 5 spell: Borgnjor's Vile Clutch
 34509 | D:9      | Killed an orc warlord
 34700 | D:15     | Killed Jorgrun
 35083 | D:15     | Found an iron altar of Okawaru.
 35204 | D:15     | Found the +5 scythe "Finisher" {speed, eviscerate}
 35628 | D:12     | Bought a tattered robe for 182 gold pieces
 35628 | D:12     | Identified the +2 robe of Limited Liability {Int+4} (You
                  | bought it in a shop on level 12 of the Dungeon)
 35811 | Swamp:1  | Entered Level 1 of the Swamp
 36141 | Spider:1 | Entered Level 1 of the Spider Nest
 36146 | Spider:1 | Reached XP level 16. HP: 166/189 MP: 23/30
 37637 | Lair:3   | Slain by a culicivora

Illustrated notes

Levels and vault maps discovered:
D:1:      nzn_arrival_crosshair, layout_basic, serial_shops, shop,
          chequers_serial_rivers_room_a, moated_statue, minmay_misc_feat_rugged
D:2:      layout_loops_ring
D:3:      layout_rooms, grunt_temple_overflow_forces_of_nature,
          mainiacjoe_overflow_alcove_1, gup_sewer_entry_spiral
D:4:      layout_basic, minmay_temple_entry_glassed_door, serial_shops,
          nicolae_shop_bloodbath_and_beyond
D:5:      layout_loops_ring, serial_demonic, serial_demonic_f, serial_demonic_g,
          serial_demonic_c, serial_demonic_a
D:6:      layout_rooms, yredelemnul_forgotten_temple_becter,
          mainiacjoe_overflow_24_doors, nemelex_spade_bored_becter,
          hellmonk_ghost_happy_afterlife, uniq_grinder
D:7:      layout_gridville
D:8:      layout_loops_cross, tgw_sif, erik_lair_orcish_takeover, serial_shops,
          nicolae_shop_overgrown_old_shop, grunt_ministairs_10
D:9:      layout_roguey, orc_0_dummy, uniq_erica
D:10:     layout_cave_pools, nicolae_hepliaklqana_monster_ancestors,
          mainiacjoe_overflow_concentric_impassable, enter_trove_5,
          serial_park_tiny_pond
D:11:     layout_stronghold, grunt_decor_mini_mirrors, minmay_fountain_box
D:12:     layout_stronghold
D:13:     layout_small_grid, nrook_mini_backslash, minmay_more_statues
D:14:     layout_roguey, david_vaults_2, hangedman_decor_peaks_small,
          serial_glass, glass_columns_b, glass_columns_b, glass_columns_a,
          glass_columns_b, glass_columns_a, glass_columns_c, uniq_nessos,
          uniq_josephine
D:15:     grunt_enter_depths_hoard, layout_basic, okawaru_gym_becter,
          serial_glass, glass_columns_b, glass_columns_c, glass_columns_c,
          glass_columns_b, hangedman_decor_lopped,
          minmay_guarded_unrand_finisher, uniq_kirke, uniq_jorgrun
Temple:   nicolae_temple_god_jail
Lair:1:   layout_roguey, beast_lair_carwin_3, serial_bayou_shore_a,
          grunt_megastairs_5
Lair:2:   layout_roguey, skrybe_swamp_entry_bodies,
          chequers_serial_rivers_micro_e, chequers_serial_rivers_large_a,
          minmay_hedge_maze, small_statue_intersection,
          chequers_serial_rivers_micro_c
Lair:3:   layout_concentric_octagons, spider_nest_entry_web_field,
          infiniplex_staircase_pool_2
Lair:4:   layout_loops_ring, slime_entry_1, grunt_megastairs_1,
          infiniplex_staircase_pool
Lair:5:   gammafunk_lair_ancient_temple, layout_hall_layers
Swamp:1:  layout_falls_marsh, nicolae_swamp_godswood, uniq_nikola,
          uniq_mlioglotl
Spider:1: layout_spider_delve, nzn_ghost_randoct
Orc:1:    layout_diamond_mine, serial_shops, nicolae_shop_hallway_stairs,
          nicolae_shop_overgrown_old_shop
Orc:2:    st_orc_pillars, layout_caves, serial_shops, nicolae_shop_trees,
          uniq_azrael

Skill      XL: |  1  2  3  4  5  6  7  8  9 10 11 12 13 14 15 |
---------------+----------------------------------------------+-----
Spellcasting   | 3 4 5 6 7 8 9 10 | 10.1
Ice Magic      | 4 5 6 8 |  8.2
Fire Magic     | 6 7 |  7.6
Fighting       | 3 4 9 13 15 18 19 | 19.5
Maces & Flails | 4 |  4.6
Conjurations   | 5 |  5.6
Earth Magic    | 2 5 7 |  7.3
Evocations     | 3 5 |  5.4
Dodging        | 5 8 |  8.5
Poison Magic   | 4 6 |  6.6
Staves         | 3 4 |  4.5
Necromancy     | 7 |  7.0
Stealth        | |  1.4

Action                   |  1- 3 |  4- 6 |  7- 9 | 10-12 | 13-15 | 16-18 || total
-------------------------+-------+-------+-------+-------+-------+-------++-------
Melee: Unarmed           |     2 |       |       |       |       |       ||     2
       Short sword       |     9 |    68 |   181 |       |       |       ||   258
       Dagger            |       |       |   188 |    10 |       |       ||   198
       Punch             |       |       |     5 |       |     1 |       ||     6
       Giant club        |       |       |       |     3 |       |       ||     3
       Staff             |       |       |       |    18 |    57 |     2 ||    77
Throw: Dart              |     5 |       |     7 |     2 |     2 |       ||    16
       Stone             |       |       |       |     2 |     3 |       ||     5
       Javelin           |       |       |       |     2 |       |       ||     2
       Large rock        |       |       |       |       |     7 |       ||     7
 Cast: Freeze            |    53 |       |     1 |    30 |    47 |       ||   131
       Frozen Ramparts   |     1 |    22 |    61 |    63 |   130 |     2 ||   279
       Ozocubu's Armour  |       |       |     5 |    13 |     5 |       ||    23
       Flame Wave        |       |       |       |    79 |   117 |     6 ||   202
       Stone Arrow       |       |       |       |    27 |   393 |    17 ||   437
       Olgreb's Toxic Ra |       |       |       |       |    17 |     7 ||    24
       Borgnjor's Vile C |       |       |       |       |     6 |       ||     6
Invok: Potion Petition   |       |       |       |     2 |     2 |       ||     4
       Call Merchant     |       |       |       |     2 |     1 |       ||     3
Evoke: Wand              |       |       |     6 |     1 |     6 |       ||    13
  Use: Potion            |       |       |     4 |     1 |     2 |     8 ||    15
       Scroll            |       |       |    10 |     2 |    16 |     4 ||    32
 Stab: Sleeping          |       |       |     3 |       |       |       ||     3
Armor: Robe              |    16 |     9 |    67 |    81 |   269 |    20 ||   462
       Skin              |       |       |       |       |       |     8 ||     8
Dodge: Dodged            |    36 |    35 |   214 |   133 |   402 |    42 ||   862
Block: Other             |     2 |       |       |       |       |       ||     2

Table legend: (Time is in decaauts)
 A = Elapsed time spent in this place.
 B = Non-inter-level travel time spent in this place.
 C = Inter-level travel time spent in this place.
 D = Time resting spent in this place.
 E = Time spent auto-exploring this place.
 F = Levels seen in this place.
 G = Mean time per level.
                   A        B        C        D        E       F      G
               +--------+--------+--------+--------+--------+-----+--------+
         Total |  37885 |  35085 |   2800 |  11152 |  13845 |  26 | 1457.1 |
       Dungeon |  23500 |  21440 |   2060 |   5634 |   9796 |  15 | 1566.7 |
        Temple |     94 |     75 |     19 |      0 |     46 |   1 |   94.0 |
          Lair |  10369 |   9737 |    632 |   4292 |   3227 |   5 | 2073.8 |
         Swamp |      2 |      2 |      0 |      0 |      0 |   1 |    2.0 |
   Spider Nest |     32 |     32 |      0 |      0 |      0 |   1 |   32.0 |
  Orcish Mines |   2699 |   2611 |     88 |    895 |    449 |   2 | 1349.5 |
         Sewer |   1186 |   1186 |      0 |    330 |    326 |   1 | 1186.0 |
               +--------+--------+--------+--------+--------+-----+--------+

Top non-repeatable levels by time:
    D:15: 3336 daAuts
  Lair:5: 2655 daAuts
  Lair:3: 2549 daAuts
     D:9: 2163 daAuts
  Lair:4: 2086 daAuts
    D:14: 2053 daAuts
    D:13: 1796 daAuts
     D:7: 1796 daAuts
  Lair:2: 1646 daAuts
     D:5: 1524 daAuts
   Orc:2: 1489 daAuts
     D:8: 1475 daAuts
  Lair:1: 1432 daAuts
     D:4: 1411 daAuts
    D:12: 1366 daAuts
